 Dungeon Crawl Stone Soup version 0.29.0-13-gc9e81de378 (webtiles) character file.

Game seed: 4119789502359068174

31 keekatzer the Caller (level 3, -3/27 HPs)
             Began as a Ghoul Summoner on Sept 9, 2022.
             Was a Follower of Nemelex Xobeh.
             Slain by an adder (4 damage)
             ... on level 2 of the Dungeon.
             The game lasted 00:06:39 (1382 turns).

keekatzer the Caller (Ghoul Summoner)               Turns: 1382, Time: 00:06:39

Health: -3/27      AC:  2    Str: 11    XL:     3   Next: 22%
Magic:  0/4        EV: 12    Int: 10    God:    Nemelex Xobeh [*.....]
Gold:   45         SH:  0    Dex: 11    Spells: 2/5 levels left

rFire   . . .      SeeInvis .   d - +0 dagger
rCold   + . .      Faith    .   (no shield)
rNeg    + + +      Spirit   .   a - +0 robe
rPois   ∞          Reflect  .   (no helmet)
rElec   .          Harm     .   (no cloak)
rCorr   .          Rampage  .   (no gloves)
Will    .....                   (no boots)
Stlth   ++........              (no amulet)
HPRegen 0.00/turn               (no ring)
MPRegen 0.09/turn               (no ring)

@: inhibited regen
A: claws 1, cold resistance 1, negative energy resistance 3, inhibited
regeneration, torment resistance 2, devour on kill
a: Renounce Religion, Draw Escape, Draw Destruction, Draw Summoning


You were on level 2 of the Dungeon.
You worshipped Nemelex Xobeh.
Nemelex Xobeh was aware of your devotion.
You visited 1 branch of the dungeon, and saw 2 of its levels.

You collected 45 gold pieces.

Inventory:

Hand Weapons
 d - a +0 dagger (weapon)
Armour
 a - a +0 robe (worn)
Magical Staves
 c - a staff of death
Scrolls
 g - a scroll of noise {unknown}
 h - a scroll of identify {unknown}
 i - a scroll of blinking {unknown}
Potions
 b - a potion of magic
 e - a potion of haste {unknown}
 f - a potion of curing


   Skills:
 + Level 0.5 Fighting
 + Level 0.1 Short Blades
 + Level 1.8 Dodging
 + Level 2.6 Stealth
 + Level 1.9 Spellcasting
 + Level 3.6 Summonings
 + Level 2.1 Invocations


You had 2 spell levels left.
You knew the following spells:

 Your Spells              Type           Power      Damage    Failure   Level
a - Summon Small Mammal   Summ           32%        N/A       7%          1
b - Call Imp              Summ           8%         N/A       11%         2

Your spell library contained the following spells:

 Spells                   Type           Power      Damage    Failure   Level
 Call Canine Familiar     Summ           8%         N/A       22%         3
 Summon Guardian Golem    Hex/Summ       4%         N/A       41%         3
 Summon Lightning Spire   Summ/Air       4%         N/A       83%         4


Dungeon Overview and Level Annotations

Branches:
Dungeon (2/15)

Altars:
Nemelex Xobeh


Innate Abilities, Weirdness & Mutations

You are immune to poison.
You have sharp fingernails.
Your flesh is cold resistant. (rC+)
You are immune to negative energy. (rN+++)
You do not regenerate when monsters are visible.
You are immune to unholy pain and torment.
You thrive by killing the living.


Message History

The worm dies!
There is an open door here.
Casting: Call Imp (safe; 11% risk of failure)
Confirm with . or Enter, or press ? or * to list all spells.
A beastly little devil appears in a puff of flame.
Your shadow imp disappears in a puff of smoke!
The adder closely misses you. The adder attacks as you move away!
The adder barely misses you. The rat attacks as you move away!
The rat closely misses you.
It was a potion of curing.
You feel better. The adder bites you.
* * * LOW HITPOINT WARNING * * *
The adder barely misses you.
Your crimson imp hits the adder.
You miss the adder.
The adder is moderately wounded.
The adder bites you but does no damage.
Your crimson imp barely misses the adder.
You barely miss the adder.
The adder is moderately wounded.
The adder bites you.
* * * LOW HITPOINT WARNING * * *
Your crimson imp misses the adder.
You barely miss the adder.
The adder is moderately wounded.
The adder bites you.
* * * LOW HITPOINT WARNING * * *
Your crimson imp blinks!
The adder barely misses you.
You barely miss the adder.
The adder is moderately wounded.
The adder bites you but does no damage.
You barely miss the adder.
The adder is moderately wounded.
The adder closely misses you.
Casting: Call Imp (safe; 11% risk of failure)
Confirm with . or Enter, or press ? or * to list all spells.
The adder bites you.
* * * LOW HITPOINT WARNING * * *
The adder bites you.
You die...
Your body glows slightly and disappears.

.#..
###+####...
#........#
#........#
#........#
#........#
#..h.h...#
###'######
#.S@b..#
#.####.#
### #.# #.#
#.#
#######.#
#....[..#
#.#######
#.#


You could see an adder (ally target) and a friendly bat (summoned).

Vanquished Creatures
  2 endoplasms (D:1)
  A giant cockroach (D:1)
  2 goblins (D:1)
  A hobgoblin (D:1)
  2 quokkas (D:1)
  A ball python (D:1)
  3 bats (D:1)
  A frilled lizard (D:1)
  2 kobolds (D:1)
  3 rats (D:1)
18 creatures vanquished.

Vanquished Creatures (collateral kills)
  A worm (D:2)
  A dart slug (D:1)
  3 goblins (D:1)
  2 frilled lizards (D:1)
  A rat (D:1)
  A spectral hobgoblin (D:1)
9 creatures vanquished.

Grand Total: 27 creatures vanquished

Notes
Turn   | Place    | Note
-------+----------+-------------------------------------------
     0 | D:1      | keekatzer the Ghoul Summoner began the quest for the Orb.
     0 | D:1      | Reached XP level 1. HP: 14/14 MP: 2/2
    16 | D:1      | Found a faded altar of an unknown god.
    50 | D:1      | Prayed at the altar of an unknown god.
    50 | D:1      | Became a worshipper of Nemelex Xobeh the Trickster
    50 | D:1      | Reached * piety under Nemelex Xobeh
   199 | D:1      | Reached skill level 1 in Invocations
   507 | D:1      | Reached XP level 2. HP: 18/20 MP: 1/3
   702 | D:1      | Received a gift from Nemelex Xobeh
   726 | D:1      | Learned a level 2 spell: Call Imp
  1006 | D:1      | Reached XP level 3. HP: 17/27 MP: 2/4
  1372 | D:2      | HP: 1/27 [adder (2)]
  1381 | D:2      | HP: 1/27 [adder (2)]
  1382 | D:2      | Slain by an adder

Illustrated notes

Levels and vault maps discovered:
D:1:      minmay_arrival_checkered_box, layout_basic, serial_glass,
          glass_columns_a, glass_columns_c, item_on_display_a,
          due_unseen_surprise, feat_on_display, minmay_strange_pillars,
          dreamdust_ecumenical_altar_drowned_temple
D:2:      layout_basic, minmay_domino_2, uniq_robin

Skill      XL: |  1  2 |
---------------+-------+-----
Invocations    | 1 2 |  2.1
Fighting       | |  0.5
Short Blades   | |  0.1
Dodging        | |  1.8
Stealth        | |  2.6
Spellcasting   | |  1.9
Summonings     | |  3.6

Action                   || total
-------------------------++-------
Melee: Dagger            ||    93
       Unarmed           ||    10
       Punch             ||     1
 Cast: Summon Small Mamm ||    13
       Call Imp          ||     3
  Use: Potion            ||     1
 Stab: Sleeping          ||     1
Armor: Robe              ||    16
Dodge: Dodged            ||    55
